 Dungeon Crawl Stone Soup version 0.21-a0-265-gb353147 (console) character file.

534 removed the Cudgeler (level 6, 51/51 HPs)
             Began as a Demigod Wanderer on Sept 11, 2017.
             Quit the game on level 5 of the Dungeon.
             The game lasted 00:06:58 (4774 turns).

removed the Cudgeler (Demigod Wanderer)             Turns: 4774, Time: 00:06:58

Health: 51/51      AC:  5    Str: 19    XL:     6   Next: 74%
Magic:  10/10      EV: 10    Int: 13    God:
Gold:   183        SH:  0    Dex: 18    Spells: 5/5 levels left

rFire    + . .     SeeInvis .   a - +3 mace
rCold    . . .     Gourm    .   (no shield)
rNeg     . . .     Faith    .   m - +0 ring mail
rPois    .         Spirit   .   (no helmet)
rElec    .         Reflect  .   (no cloak)
rCorr    .         Harm     .   (no gloves)
MR       .....                  (no boots)
Stlth    ..........             (no amulet)
HPRegen  0.17/turn              g - ring of protection from fire
MPRegen  0.12/turn              x - ring of loudness

@: no status effects
A: high mp 1
a: no special abilities


You were on level 5 of the Dungeon.
You were hungry.

You visited 1 branch of the dungeon, and saw 5 of its levels.

You collected 183 gold pieces.

Inventory:

Hand Weapons
 a - a +3 mace (weapon)
 b - a +0 hand crossbow
 I - a +1 whip of flaming
Missiles
 c - 108 bolts
 p - 8 curare-tipped needles
 A - 3 throwing nets (quivered)
Armour
 e - a +0 robe
 m - a +0 ring mail (worn)
Jewellery
 g - a ring of protection from fire (left hand)
 x - a ring of loudness (right hand)
Wands
 d - a wand of random effects (15/48)
 C - a wand of flame (44/48)
Scrolls
 h - a scroll of fear
 k - 2 scrolls of magic mapping
 r - 5 scrolls of remove curse
 t - a scroll of teleportation
 D - a scroll of enchant weapon
Potions
 n - a potion of lignification
 o - a potion of heal wounds
 q - 3 potions of curing
 s - a potion of haste
 F - a potion of ambrosia {unknown}
 G - a potion of might {unknown}
Books
 y - a book of Maledictions

   Spells                             Type                      Level
   a - Corona                         Hexes                        1
   b - Ensorcelled Hibernation        Hexes/Ice                    2
   c - Confuse                        Hexes                        3
   d - Tukima's Dance                 Hexes                        3
   e - Dazzling Spray                 Conjuration/Hexes            3
Comestibles
 f - 2 bread rations
 l - 5 royal jellies


   Skills:
 - Level 3.6 Fighting
   Level 1.0(4.5) Axes
 + Level 7.0(7.1) Maces & Flails
 - Level 1.0 Armour
 - Level 1.7 Evocations


You had 5 spell levels left.
You didn't know any spells.

Dungeon Overview and Level Annotations

Branches:
Dungeon (5/15)
 Temple: D:4-7


Innate Abilities, Weirdness & Mutations

You have an increased reservoir of magic. (+10% MP)


Message History

No target in view!
No target in view!
No target in view!
No target in view!
Found 21 gold pieces.
HP restored.
You now have 183 gold pieces (gained 21).
Found a stone staircase leading down.
You are feeling hungry.
There is a stone staircase leading up here.
Found 4 poisoned needles.
A jackal comes into view.
The jackal barks!
You hear a bark! x2
A jackal comes into view.
There are monsters nearby! 2 jackals come into view.
The jackal barks! x2
The jackal completely misses you. The jackal barely misses you. x2
Found a pair of gloves.
Found a stone staircase leading down.
Are you sure you want to abandon this character and quit the game? (Confirm with "yes".)

.#.####...#.#### #..#
........#.##<..#####..#
####...#.#.........#
##.#.##........##
#.#.##....#####
########....#.#.##
..............#.#
#######.#...###.#
#@##.## #.# #h##.# #.#
.>....hh##.# #.#
..[...h.. .# #.#
########## #.# #.# #.#
#.# ##### #.#


You could see 4 jackals.

Vanquished Creatures
  4 electric eels (D:3)
  A crimson imp (D:3)
  2 hounds (D:4)
  2 orc wizards
  An orc priest (D:3)
  2 worker ants (D:4)
  7 adders
  2 worms (D:3)
  A leopard gecko (D:2)
  12 orcs
  2 ball pythons
  4 giant cockroaches
  2 gnoll zombies (D:3)
  12 goblins
  3 hobgoblins
  3 jackals (D:2)
  8 kobolds
  4 quokkas
  5 bats
  3 frilled lizards
  5 rats
85 creatures vanquished.

Notes
Turn   | Place    | Note
-------+----------+-------------------------------------------
     0 | D:1      | removed the Demigod Wanderer began the quest for the Orb.
     0 | D:1      | removed set off with: a +2 mace, a +0 hand crossbow, 26 bolts, a wand of random effects (15/48), a +0 robe, a bread ration
     0 | D:1      | Reached XP level 1. HP: 19/19 MP: 4/4
    57 | D:1      | Reached skill level 2 in Maces & Flails
   506 | D:1      | Reached XP level 2. HP: 23/26 MP: 5/5
   885 | D:2      | Reached skill level 3 in Maces & Flails
   997 | D:2      | Reached XP level 3. HP: 31/31 MP: 6/6
  1151 | D:2      | Found a snail-covered altar of Cheibriados.
  1415 | D:2      | Found a white marble altar of Elyvilon.
  1513 | D:3      | Found a transporter.
  1551 | D:3      | Found a transporter.
  1606 | D:3      | Reached skill level 4 in Maces & Flails
  1613 | D:3      | Reached XP level 4. HP: 27/39 MP: 7/7
  1733 | D:3      | Found a basalt altar of Yredelemnul.
  2274 | D:3      | Reached skill level 5 in Maces & Flails
  2274 | D:3      | Reached XP level 5. HP: 18/45 MP: 8/8
  2281 | D:2      | HP: 1/45 [orc/dagger (2)]
  3174 | D:3      | Reached skill level 6 in Maces & Flails
  3174 | D:3      | Reached XP level 6. HP: 34/51 MP: 10/10
  4185 | D:4      | Reached skill level 7 in Maces & Flails
  4390 | D:4      | Found a glowing silver altar of Zin.
  4410 | D:4      | Found a sparkling altar of Nemelex Xobeh.
  4705 | D:5      | Entered Level 5 of the Dungeon
  4774 | D:5      | Quit the game

Vault maps used:
D:1:      giann_horns
D:2:      lemuel_doored_altar, first_bread, elyvilon_altar_1
D:3:      gammafunk_steamed_eel, lemuel_zombie_altar_yredelemnul,
          kennysheep_generic_room_7
D:4:      marbit_many_paths, lemuel_round_altar, grunt_ministairs_11
D:5:      old_standard_altar, nicolae_gozag_seed_capital,
          minmay_temple_entry_statues_pillars

Skill      XL: |  1  2  3  4  5  6 |
---------------+-------------------+-----
Maces & Flails | 2 3 4 5 6 7 |  7.0
Fighting       | |  3.6
Axes           | |  1.0
Armour         | |  1.0
Evocations     | |  1.7

Action                   |  1- 3 |  4- 6 || total
-------------------------+-------+-------++-------
Melee: Mace              |   143 |   170 ||   313
Evoke: Wand              |       |     5 ||     5
  Use: Scroll            |       |    10 ||    10
  Eat: Chunk             |     2 |    10 ||    12
Armor: Robe              |     7 |       ||     7
       Ring mail         |    68 |    50 ||   118
Dodge: Dodged            |   102 |    85 ||   187

Table legend:
 A = Spawn XP
 B = Non-spawn XP
 C = Spawn XP percentage of total XP
 D = Spawn monster count
 E = Non-spawn monster count
 F = Spawn count percentage of total count
 G = Total turns spent on level
                    A         B        C        D         E        F      G
               +---------+---------+-------+---------+---------+-------+---------
         Total |       0 |     763 |   0.0 |       0 |      85 |   0.0 |  4774
               +---------+---------+-------+---------+---------+-------+---------
           D:1 |       0 |      28 |   0.0 |       0 |      17 |   0.0 |   816
           D:2 |       0 |      54 |   0.0 |       0 |      16 |   0.0 |  1074
           D:3 |       0 |     442 |   0.0 |       0 |      37 |   0.0 |  1424
           D:4 |       0 |     237 |   0.0 |       0 |      14 |   0.0 |  1391
           D:5 |       0 |       2 |   0.0 |       0 |       1 |   0.0 |    69
               +---------+---------+-------+---------+---------+-------+---------
